 Seeded DCSS version 0.30.1-9-gdf580d7c3d (webtiles) character file.

Game seed: 7229806256980976716 (custom seed)

21 Psyclone the Magician (level 3, 25/25 HPs)
             Began as a Djinni Necromancer on Oct 15, 2023.
             Quit the game on level 1 of the Dungeon.
             The game lasted 00:02:09 (622 turns).

Psyclone the Magician (Djinni Necromancer)           Turns: 622, Time: 00:02:09

Health: 25/25      AC:  3    Str:  6    XL:     3   Next: 2%
Gold:   45         EV: 12    Int: 22    God:
                   SH:  0    Dex: 12

rFire   + + .        f - +0 dagger
rCold   x . .        (no shield)
rNeg    . . .        a - +0 robe
rPois   ∞            (helmet restricted)
rElec   .            (no cloak)
rCorr   .            (no gloves)
SInv    .            (boots unavailable)
Will    .....        (no amulet)
Stlth   ++           (no ring)
HPRegen 0.24/turn    (no ring)
MPRegen 0.00/turn

%: no passive effects
@: flying, studying Spellcasting
A: sickness immunity, fire resistance 2, cold vulnerability 1, float, innate
caster, HP casting, extra vitality 1, beak, clever 1, shaggy fur 1, evolution 1,
MP-powered wands
a: no special abilities


You were on level 1 of the Dungeon.
You visited 1 branch of the dungeon, and saw 1 of its levels.

You collected 45 gold pieces.

Inventory:

Hand Weapons
 f - a +0 dagger (weapon)
Armour
 a - a +0 robe (worn)
Scrolls
 b - 2 scrolls of amnesia {unknown}
 c - a scroll of blinking {unknown}
 d - a scroll of identify {unknown}
Potions
 e - a potion of might {unknown}


   Skills:
 - Level 2.1 Dodging
 - Level 1.5 Stealth
 + Level 4.4 Spellcasting


You knew the following spells:

 Your Spells              Type           Power      Damage    Failure   Level
a - Necrotise             Necr           96%        1d8       1%          1
b - Vampiric Draining     Necr           24%        2d7       5%          3
c - Animate Dead          Necr           24%        N/A       17%         4
d - Agony                 Necr           24%        N/A       43%         5
e - Kiss of Death         Conj/Necr      96%        2d12      1%          1
Your spell library was empty.

Dungeon Overview and Level Annotations

Branches:
Dungeon (1/15) Zot: 5378

Altars:


Innate Abilities, Weirdness & Mutations

You are immune to sickness and miasma.
You are immune to poison.
Your flesh is very heat resistant. (rF++)
You are vulnerable to cold. (rC-)
You float through the air rather than walking.
You learn spells naturally, not from books.
Your magical power is your life essence.
You have superior vitality. (+4 MHP)
You have a beak for a mouth.
Your mind is acute. (Int +4, Str/Dex -1)
You are covered in fur. (AC +1)
You have hidden genetic potential.
You expend health (3 HP) to strengthen your wands.


Message History

Confirm with . or Enter, or press ? or * to list all spells.
Aiming: Necrotise (safe; 2% risk of failure)
Press: ? - help, Shift-Dir - straight line, f - giant cockroach
Aim: a giant cockroach (heavily wounded, constricted by your ball python skeleton, ally target, chance to affect: 90%)
The giant cockroach writhes in agony.
A jackal comes into view.
The giant cockroach bites you.
Your ball python skeleton bites the giant cockroach.
The giant cockroach dies!
You take 2 damage, and have 16/21 hp.
Casting: Necrotise (safe; 1% risk of failure)
Confirm with . or Enter, or press ? or * to list all spells.
You can't see any susceptible monsters within range! (Use Z to cast anyway.)
You see here a +0 dagger.
f - a +0 dagger (weapon)
Casting: Necrotise (safe; 1% risk of failure)
Confirm with . or Enter, or press ? or * to list all spells.
Aiming: Necrotise (safe; 1% risk of failure)
Press: ? - help, Shift-Dir - straight line, f - jackal
Aim: a jackal (ally target, chance to affect: 90%)
The jackal writhes in agony!
You kill the jackal!
The dead are walking!
You have reached level 3!
Your experience leads to an increase in your attributes!
Your base attributes are Str 7, Int 16, Dex 13.
Increase (S)trength, (I)ntelligence, or (D)exterity?
You feel clever. x2
The power to cast Kiss of Death wells up from within.
Spell assigned to 'e'.
You regained 2 hp, and now have 18/25 hp.
Your goblin skeleton crumbles into dust!
Your ball python skeleton crumbles into dust!
Your jackal skeleton crumbles into dust!
You now have 45 gold pieces (gained 13).
A jackal comes into view.
Health restored: 25 Unknown command.
Unknown command.
Are you sure you want to abandon this character and quit the game? (Confirm with "yes".)

#.###>..###.# #.## #.#
#.# ## #### ##...## #.#
#.. #.# #.###.. #.####
#...... #....# #.##...
#....# #.##.##
###....####....#
.#######...........##.##
..h....@.........####...
.#######................
####...##########
########...########
...................
#######.###.####### #.#
#.# #.# #.# # #.# #.# #


You could see a jackal (asleep).

Vanquished Creatures
  2 ball pythons (D:1)
  3 bats (D:1)
  A giant cockroach (D:1)
  A goblin (D:1)
  A hobgoblin (D:1)
  5 jackals (D:1)
  A quokka (D:1)
  A frilled lizard (D:1)
  A rat (D:1)
16 creatures vanquished.

Vanquished Creatures (collateral kills)
  A giant cockroach (D:1)
1 creature vanquished.

Grand Total: 17 creatures vanquished

Notes
Turn   | Place    | Note
-------+----------+-------------------------------------------
     0 | D:1      | Psyclone the Djinni Necromancer began the quest for the
                  | Orb.
     0 | D:1      | Psyclone set off with the following spells memorised:
                  | Necrotise, Vampiric Draining, Animate Dead, Agony.
     0 | D:1      | Reached XP level 1. HP: 15/15 MP: 0/0
    48 | D:1      | Identified 3 scrolls of acquirement
    48 | D:1      | Acquired a manual of Spellcasting
    51 | D:1      | Acquired a manual of Spellcasting
    57 | D:1      | Acquired a manual of Spellcasting
   303 | D:1      | Gained mutation: You expend health (3 HP) to strengthen
                  | your wands. [potion of mutation]
   303 | D:1      | Gained mutation: You have hidden genetic potential. [potion
                  | of mutation]
   303 | D:1      | Gained mutation: Your mind is acute. (Int +4, Str/Dex -1)
                  | [potion of mutation]
   303 | D:1      | Gained mutation: You are covered in fur. (AC +1) [potion of
                  | mutation]
   398 | D:1      | Reached XP level 2. HP: 18/21 MP: 0/0
   402 | D:1      | Gained mutation: You have a beak for a mouth. [hidden
                  | potential]
   403 | D:1      | Reached skill level 4 in Spellcasting
   571 | D:1      | Reached XP level 3. HP: 18/25 MP: 0/0
   571 | D:1      | Learned a level 1 spell: Kiss of Death
   622 | D:1      | Quit the game

Illustrated notes

Levels and vault maps discovered:
D:1:      spicycebolla_arrival_ecumenical, layout_loops_ring

Skill      XL: |  1  2 |
---------------+-------+-----
Spellcasting   | 4 |  4.4
Dodging        | |  2.1
Stealth        | |  1.5

Action                     || total
---------------------------++-------
  Melee: Unarmed           ||     1
   Cast: Necrotise         ||    32
    Use: Scroll            ||     3
         Potion            ||     1
 Armour: Robe              ||     6
  Dodge: Dodged            ||    11
